Cogmind - Beta 16 @@@ ROGUE MODE // 2025.11.04 @ 21:28:31 Player: Naughtyusername Result: Self-destructed Performance ------------- Evolutions (3) 1500 Regions Visited (7) 1400 Robots Destroyed (36) 180 Value Destroyed (932) 932 Prototype IDs (7) 140 Alien Tech Used (0) 0 Bonus (39) 39 TOTAL SCORE: 4191 Bonus ------- High Alert Combat Kills 39 Cogmind --------- Core Integrity 353/700 Matter 6/300 Energy 291/300 System Corruption 10% Temperature Cool (0) Movement Hovering (74) Location -7/Factory Parts ------- > --- POWER (1) -------- Enhanced Nuclear Core > --- PROPULSION (5) --- Combat Gravmag System Combat Gravmag System Combat Gravmag System Cooled VTOL Module > --- UTILITY (5) ------ Medium Storage Unit Improved Sensor Array Improved Signal Interpreter Core Analyzer Hacking Suite > --- WEAPON (2) ------- Gauss Rifle Heavy Rocket Launcher > --- INVENTORY (10) --- Enhanced Nuclear Core Transmission Jammer Improved Light Armor Plating Layered Light Armor Plating Gauss Rifle Gauss Cannon Gauss Cannon Heavy Rocket Launcher Peak State ------------ > --- POWER ------------ Enhanced Nuclear Core > --- PROPULSION ------- Cesium-ion Thruster Surge Thruster Improved VTOL Module Xenon Bombardment Thruster Cooled VTOL Module > --- UTILITY ---------- Medium Storage Unit Improved Sensor Array Improved Signal Interpreter Hacking Suite Improved Hacking Suite > --- WEAPON ----------- Power Sword Plasma Sword > --- INVENTORY -------- Combat Gravmag System Combat Gravmag System Combat Gravmag System Combat Gravmag System Advanced Visual Processing Unit Improved Light Armor Plating Layered Light Armor Plating System Shield Heavy Missile Launcher Remote Datajack [Rating: 55] Favorites ----------- Power Enhanced Nuclear Core Engine Improved Deuterium Engine Power Core Enhanced Nuclear Core Propulsion VTOL Module Treads Light Treads Hover Unit Combat Gravmag System Flight Unit VTOL Module Utility Hacking Suite Device Improved Sensor Array Storage Medium Storage Unit Processor Improved Signal Interpreter Hackware Hacking Suite Protection Weapon Shielding Weapon Heavy Mace Energy Gun EM Pulse Gun Energy Cannon Plasma Cannon Ballistic Gun Gauss Rifle Launcher Grenade Launcher Special Weapon Remote Datajack Impact Weapon Heavy Mace Slashing Weapon Katana Build | -11 -10 -9 -9 -8 -7 -7 -7 ------- Run | Yrd Mat Mat Min Mat Fac Was Fac Slots Evolved 6 | . . 2 . 2 2 . . Power . | . . . . . . . . Propulsion 3 | . . 1 . 1 1 . . Utility 3 | . . 1 . 1 1 . . Weapon . | . . . . . . . . Parts Attached 56 | 4 3 5 . 9 21 2 12 Power 7 | . . . . 1 3 . 3 Engine 3 | . . . . 1 1 . 1 Core 4 | . . . . . 2 . 2 Reactor . | . . . . . . . . Propulsion 20 | 2 2 2 . 3 8 . 3 Treads 2 | 2 . . . . . . . Leg . | . . . . . . . . Wheel . | . . . . . . . . Hover 3 | . . . . . . . 3 Flight 15 | . 2 2 . 3 8 . . Utility 15 | . . 3 . 4 6 . 2 Device 1 | . . . . . 1 . . Storage 3 | . . 1 . 1 . . 1 Processor 5 | . . . . 2 2 . 1 Hackware 3 | . . . . 1 2 . . Protection 3 | . . 2 . . 1 . . Artifact . | . . . . . . . . Weapon 14 | 2 1 . . 1 4 2 4 Energy Gun 1 | 1 . . . . . . . Energy Cannon 1 | . . . . . . . 1 Ballistic Gun 4 | 1 1 . . . . . 2 Ballistic Cannon . | . . . . . . . . Launcher 3 | . . . . . 2 . 1 Special Weapon 1 | . . . . . 1 . . Impact Weapon 1 | . . . . 1 . . . Slashing Weapon 3 | . . . . . 1 2 . Piercing Weapon . | . . . . . . . . Special Melee Weapon . | . . . . . . . . Unidentified Prototypes 4 | . . . . . 3 1 . Parts Lost 14 | . 1 . . 3 4 4 2 Power 2 | . . . . . 1 . 1 Propulsion 8 | . . . . 3 3 2 . Utility 2 | . . . . . . 2 . Weapon 2 | . 1 . . . . . 1 Highest Loss Streak 4 | . 1 . . 2 2 4 2 To Critical Strikes . | . . . . . . . . Average Backups 7 | 1 4 5 7 8 9 9 5 Power . | . 1 1 1 . . . . Propulsion 1 | . 1 3 4 2 1 3 . Utility 2 | . 1 . 1 3 4 3 2 Weapon 2 | . . 1 1 2 2 . 2 Tool/Special . | . . . . . . . . Unused Backups 18 | . 1 . . 1 6 4 6 Power 3 | . 1 . . . 1 . 1 Propulsion 3 | . . . . . 2 1 . Utility 8 | . . . . 1 3 2 2 Weapon 4 | . . . . . . 1 3 Tool/Special . | . . . . . . . . Average Slot Usage (%) 82 | . 50 58 77 75 90 81 82 Engine 2 | . . . . 6 3 . . Core 2 | . . . . . 3 5 3 Treads 1 | . 22 . . . . . . Hover 4 | . . . . . . . 22 Flight 27 | . 5 29 33 33 37 32 7 Device 4 | . . . . . 6 7 5 Storage 6 | . . 7 11 9 7 5 6 Processor 9 | . . . . 7 10 7 14 Hackware 7 | . . . . 3 11 13 7 Protection 3 | . . 11 22 5 . . 1 Ballistic Gun 4 | . 14 11 11 2 . . 9 Impact Weapon 2 | . . . . 6 4 . . Slashing Weapon 1 | . . . . . 2 5 . Peak Build Rating 55 | 4 4 9 10 23 47 55 53 Average Rating 32 | 3 3 7 9 15 40 44 46 On Entrance 13 | . 4 3 9 10 23 46 16 Avg Prop Armor Cover (%) 13 | 26 24 . . . . . 10 Naked Turns . | . . . . . . . . Heaviest Build 30 | 4 4 8 8 16 26 22 30 Greatest Support 42 | 40 8 12 12 20 28 24 42 Greatest Overweight (x) 6 | 1 1 . . . 1 . 6 Average Overweight (x) . | . . . . . . . . Largest Inventory Capacity 10 | 5 5 8 8 10 10 10 10 Average Capacity 9 | 5 5 7 8 9 10 9 9 Most Carried 10 | 3 5 7 8 10 10 10 9 Average Carried 8 | 1 4 6 7 8 9 9 5 Final Capacity 10 | 5 5 8 8 10 10 5 10 Final Carried 10 | 3 5 7 8 10 10 5 8 Class Distribution -------------------- 32% | Mutant 32% | Sprinter 25% | Hacker-Sprinter 9% | Scientist-Sprinter Dominant Class ---------------- Mutant | -10/Materials Sprinter | -9/Materials Sprinter | -9/Mines Sprinter | -8/Materials Hacker-Sprinter | -7/Factory Hacker-Sprinter | -7/Waste Mutant | -7/Factory Resources | -11 -10 -9 -9 -8 -7 -7 -7 ----------- Run | Yrd Mat Mat Min Mat Fac Was Fac Matter Collected 1031 | 215 . . 42 220 268 . 286 Remotely . | . . . . . . . . Salvage Created 1029 | . 67 . . 125 398 . 439 Parts 49 | . 8 . . 3 18 . 20 Haulers Intercepted 7 | . . . . 2 3 . 2 Recyclers Shooed 2 | . . . . . . . 2 Parts Field Recycled . | . . . . . . . . Retrieved Matter . | . . . . . . . . Parts Self-Destructed . | . . . . . . . . Prevented . | . . . . . . . . Parts Restored . | . . . . . . . . Kills | -11 -10 -9 -9 -8 -7 -7 -7 ------- Run | Yrd Mat Mat Min Mat Fac Was Fac Combat Hostiles Destroyed 22 | . 4 . . . 12 . 6 Melee 1 | . . . . . 1 . . Guns 8 | . 4 . . . . . 4 Cannons 1 | . . . . . . . 1 AOE 12 | . . . . . 11 . 1 Classes Destroyed 9 | . 1 . . 2 4 . 2 Worker 1 | . . . . . . . 1 Tunneler 1 | . . . . . 1 . . Hauler 7 | . . . . 2 3 . 2 Recycler 2 | . . . . . 1 . 1 Operator 1 | . . . . . 1 . . Watcher 2 | . . . . 1 1 . . Swarmer 15 | . 4 . . . 11 . . Grunt 5 | . . . . . . . 5 Programmer 2 | . . . . . 1 . 1 Best Kill Streak 5 | . 3 . . 2 5 . 5 Combat Bots Only 4 | . 3 . . . 4 . 3 Max Kills in Single Turn 3 | . 1 . . 1 3 . 1 Gunslinging . | . . . . . . . . Exploded 3 | . . . . . 3 . 1 Melee 1 | . . . . . 1 . . Uniques/NPCs Destroyed . | . . . . . . . . Combat | -11 -10 -9 -9 -8 -7 -7 -7 -------- Run | Yrd Mat Mat Min Mat Fac Was Fac Hostile Shots Fired 239 | . 72 8 3 19 69 2 66 Missed 89 | . 16 4 2 9 34 . 24 Hits 150 | . 56 4 1 10 35 2 42 Melee 2 | . . . . . . 2 . Projectile 148 | . 56 4 1 10 35 . 42 Critical Strikes 6 | . 1 . . 1 2 1 1 Damage Taken 2306 | . 497 59 12 218 748 64 708 Core 593 | . 99 28 . 119 197 27 123 Absorbed by Shields 29 | . . . . . 29 . . Redirected to Shielding 4 | . . 4 . . . . . Core Remaining (%) 82 | 100 60 . 93 78 . . . Volleys Fired 71 | 2 22 . . 1 8 . 38 Largest 2 | 1 2 . . 1 1 . 2 Hottest 80 | 20 40 . . 20 33 . 80 Shots Fired 101 | 2 26 . . 1 8 . 64 Gun 81 | 2 26 . . 1 . . 52 Cannon 9 | . . . . . . . 9 Launcher 10 | . . . . . 7 . 3 Special 1 | . . . . . 1 . . Kinetic 81 | 2 26 . . 1 . . 52 Thermal 9 | . . . . . . . 9 Explosive 10 | . . . . . 7 . 3 Electromagnetic . | . . . . . . . . Robot Hit Streak 14 | 2 3 . . 2 6 . 14 Robot Miss Streak 5 | . 3 . . . 1 . 5 Penetration Max 1 | . . . . . . . 1 Secondary Targets . | . . . . . . . . Shots Hit Robots 73 | 2 13 . . 4 16 . 38 Core Hits 37 | 1 5 . . . 15 . 16 Critical Kills . | . . . . . . . . Critical Parts Destroyed 3 | . . . . 1 1 . 1 Critical Strikes 3 | . . . . 1 1 . 1 Destroy 1 | . . . . . . . 1 Smash 2 | . . . . 1 1 . . Melee Attacks 74 | . . . . 8 66 . . Impact 52 | . . . . 8 44 . . Slashing 22 | . . . . . 22 . . Piercing . | . . . . . . . . Sneak Attacks 6 | . . . . 2 4 . . Combat Hostiles . | . . . . . . . . Follow-up Attacks . | . . . . . . . . Damage Inflicted 3135 | 25 150 . . 239 1514 . 1207 Guns 898 | 25 150 . . 9 . . 714 Cannons 206 | . . . . . . . 206 Explosions 1236 | . . . . . 949 . 287 Melee 795 | . . . . 230 565 . . Ramming . | . . . . . . . . Kinetic 898 | 25 150 . . 9 . . 714 Thermal 475 | . . . . . 269 . 206 Explosive 967 | . . . . . 680 . 287 Electromagnetic . | . . . . . . . . Impact 642 | . . . . 230 412 . . Slashing 153 | . . . . . 153 . . Piercing . | . . . . . . . . Highest Corruption 10 | . . . . 6 . 8 10 Average Corruption 8 | . . . . 6 . 8 9 Corruption Purged . | . . . . . . . . Corruption Blocked . | . . . . . . . . Effects 22 | . . . . 1 . 2 19 Message Errors 7 | . . . . . . 1 6 Matter Fused 6 | . . . . . . 1 5 Heat Flow Errors 3 | . . . . . . . 3 Energy Discharges 2 | . . . . . . . 2 Data Loss (minor) 2 | . . . . 1 . . 1 Data Loss (major) 2 | . . . . . . . 2 Overload Shots . | . . . . . . . . Overflow Damage 556 | . . . . 175 360 . 21 Projectiles . | . . . . . . . . Explosions 125 | . . . . . 104 . 21 Melee 431 | . . . . 175 256 . . Knockbacks 1 | . . . . . 1 . . Impact 1 | . . . . . 1 . . Kinetic . | . . . . . . . . Secondary . | . . . . . . . . Self-Inflicted Damage . | . . . . . . . . Shots . | . . . . . . . . Rammed . | . . . . . . . . Targets Rammed . | . . . . . . . . Kicked . | . . . . . . . . Crushed . | . . . . . . . . Highest Temperature 266 | . 9 . . 5 53 14 266 Average Temperature 53 | . 5 . . 3 5 3 144 Received Heat Transfer 525 | . 108 27 6 63 114 . 207 Effects 1 | . . . . . . . 1 Energy Bleed 1 | . . . . . . . 1 Siege Activations . | . . . . . . . . Martial Activations . | . . . . . . . . Shielding Activations . | . . . . . . . . Robots Disrupted . | . . . . . . . . Combat Hostiles . | . . . . . . . . Robots Corrupted 6 | . . . . 2 4 . . Combat Hostiles . | . . . . . . . . Parts Fried 13 | . . . . 6 7 . . Impact Corruptions 8 | . . . . 3 5 . . Robots Melted . | . . . . . . . . Combat Hostiles . | . . . . . . . . Parts Melted 2 | . . . . . 1 . 1 Heat Transferred 600 | . . . . . 200 . 400 Parts Sabotaged . | . . . . . . . . Parts Stolen . | . . . . . . . . Parts Stripped . | . . . . . . . . Power Chain Reactions . | . . . . . . . . Alert | -11 -10 -9 -9 -8 -7 -7 -7 ------- Run | Yrd Mat Mat Min Mat Fac Was Fac Maximum Alert Level 3 | . . . . . 3 1 1 Low Security (%) 59 | 100 100 100 100 100 35 . 64 Level 1 23 | . . . . . 28 100 35 Level 2 12 | . . . . . 27 . . Level 3 4 | . . . . . 9 . . Level 4 . | . . . . . . . . Level 5 . | . . . . . . . . High Security . | . . . . . . . . Max Security . | . . . . . . . . Peak Influence 812 | . 125 49 110 58 812 280 247 Initial 280 | . . 44 15 35 11 280 154 Average 198 | . 64 39 12 25 312 266 171 Influence Increases 1976 | . 176 15 120 95 1343 . 227 Destroy 0b10 Robot/C 440 | . 80 . . . 240 . 120 Destroy 0b10 Robot/NC 70 | . . . . 15 35 . 20 Destroy Leader 98 | . 10 . . 6 48 . 34 Successful Hack 72 | . 11 . . 10 47 . 4 Select Force Hacks 60 | . . . . . 60 . . Disable Machine 210 | . . . . . 180 . 30 Destroy Structure 111 | . . . . 4 88 . 19 Partial Spotted 180 | . . 15 15 15 135 . . Lose Combat Pursuer 735 | . 75 . 105 45 510 . . Influence Decreases 1821 | . 70 82 69 158 570 580 292 Entered New Map 743 | . . 62 24 55 16 520 66 Time Decay 808 | . 60 20 25 73 404 20 206 Search Patrol Dispatched 100 | . . . . . 100 . . Lost Part 140 | . 10 . . 30 40 40 20 Lost Ally 30 | . . . 20 . 10 . . Squads Dispatched 27 | . 3 1 . 1 16 . 6 Investigation 11 | . 2 1 . . 7 . 1 Extermination 2 | . . . . . 2 . . Reinforcement 8 | . 1 . . 1 4 . 2 Assault . | . . . . . . . . Garrison 6 | . . . . . 3 . 3 Intercept . | . . . . . . . . Searches Triggered 1 | . . . . . 1 . . Construction Impeded 1 | . . . . . 1 . . Haulers Reinforced 1 | . . . . . . . 1 Active Scanning Responses . | . . . . . . . . Cargo Convoy Interrupts . | . . . . . . . . Stealth | -11 -10 -9 -9 -8 -7 -7 -7 --------- Run | Yrd Mat Mat Min Mat Fac Was Fac Distress Signals 2 | . . . . . 2 . . Communications Jammed . | . . . . . . . . Distress Signals . | . . . . . . . . Times Spotted 109 | . 14 5 7 12 51 5 15 Peak Tracking Total 12 | . 6 7 4 8 12 5 4 Tactical Retreats 19 | . 2 . 2 2 13 . . Traps | -11 -10 -9 -9 -8 -7 -7 -7 ------- Run | Yrd Mat Mat Min Mat Fac Was Fac Traps Triggered 5 | . 1 . . . 3 . 1 Indirectly . | . . . . . . . . Trap Hack Attempts . | . . . . . . . . Triggered . | . . . . . . . . Disarmed . | . . . . . . . . Reprogrammed . | . . . . . . . . Reused . | . . . . . . . . Traps Extracted . | . . . . . . . . Installed . | . . . . . . . . Triggered . | . . . . . . . . Machines | -11 -10 -9 -9 -8 -7 -7 -7 ---------- Run | Yrd Mat Mat Min Mat Fac Was Fac Machines Disabled 14 | . . . . . 12 . 2 Max in Single Turn 5 | . . . . . 5 . 1 Garrison Access 2 | . . . . 1 . . 1 Machines Repaired . | . . . . . . . . Machines Dismantled . | . . . . . . . . Machines Sabotaged . | . . . . . . . . Overloaded Fab Kills . | . . . . . . . . Hacking | -11 -10 -9 -9 -8 -7 -7 -7 --------- Run | Yrd Mat Mat Min Mat Fac Was Fac Machines Accessed 38 | . 3 2 . 5 23 . 5 Terminals 19 | . 3 1 . 2 12 . 1 Fabricators 7 | . . . . . 5 . 2 Repair Stations . | . . . . . . . . Recycling Units 2 | . . . . . 2 . . Scanalyzers 5 | . . 1 . 2 1 . 1 Garrison Access 5 | . . . . 1 3 . 1 Total Hacks 98 | . 6 4 . 15 58 . 15 Successful 56 | . 4 . . 9 34 . 9 Failed 42 | . 2 4 . 6 24 . 6 Catastrophic 6 | . 1 . . 2 3 . . Database Lockouts . | . . . . . . . . Manual 31 | . 5 2 . 4 17 . 3 Terminals 50 | . 6 2 . 5 34 . 3 Fabricators 19 | . . . . . 12 . 7 Repair Stations . | . . . . . . . . Recycling Units 4 | . . . . . 4 . . Scanalyzers 17 | . . 2 . 9 2 . 4 Garrison Access 8 | . . . . 1 6 . 1 Terminal Hacks 19 | . 3 . . 1 14 . 1 Record 1 | . 1 . . . . . . Part Schematic 1 | . . . . . 1 . . Prototype ID Bank 1 | . . . . . 1 . . Branch Access Points 2 | . . . . 1 1 . . Terminal Index 3 | . 2 . . . 1 . . Garrison Index 1 | . . . . . 1 . . Reinforcement Status 1 | . . . . . 1 . . Recall Investigation 3 | . . . . . 3 . . Recall Reinforcements 3 | . . . . . 3 . . Hauler Manifests 1 | . . . . . . . 1 Registered Components 1 | . . . . . 1 . . Registered Prototypes 1 | . . . . . 1 . . Fabricator Hacks 10 | . . . . . 7 . 3 Network Status 3 | . . . . . 2 . 1 Load Schematic 3 | . . . . . 2 . 1 Build 4 | . . . . . 3 . 1 Repair Station Hacks . | . . . . . . . . Recycling Unit Hacks 2 | . . . . . 2 . . Retrieve Components 2 | . . . . . 2 . . Scanalyzer 13 | . . . . 7 2 . 4 Insert Component 3 | . . . . . 1 . 2 Analyze 3 | . . . . . 1 . 2 Retrieve Study 7 | . . . . 7 . . . Garrison Access Hacks 2 | . . . . 1 . . 1 Seal Access 2 | . . . . 1 . . 1 Unauthorized Hacks 10 | . 1 . . . 9 . . Terminals 6 | . 1 . . . 5 . . Track 3 | . . . . . 3 . . Assimilate 1 | . . . . . 1 . . Botnet 2 | . 1 . . . 1 . . Fabricators 2 | . . . . . 2 . . Report 1 | . . . . . 1 . . Haulers 1 | . . . . . 1 . . Repair Stations . | . . . . . . . . Recycling Units 2 | . . . . . 2 . . Tunnel 2 | . . . . . 2 . . Scanalyzers . | . . . . . . . . Garrison Access . | . . . . . . . . Data Cores Recovered . | . . . . . . . . Used . | . . . . . . . . Hacking Detections 32 | . 3 2 . 3 20 . 4 Full Trace Events 8 | . 1 1 . . 5 . 1 Feedback Events . | . . . . . . . . Feedback Blocked . | . . . . . . . . Robot Schematics Acquired . | . . . . . . . . Robots Built . | . . . . . . . . Authchips . | . . . . . . . . Time . | . . . . . . . . Total Robot Build Rating . | . . . . . . . . Part Schematics Acquired 3 | . . . . . 1 . 2 Parts Built 8 | . . . . . 6 . 2 Authchips . | . . . . . . . . Time 353 | . . . . . 236 . 117 Total Part Build Rating 48 | . . . . . 34 . 14 Part Studies Acquired 7 | . . . . 7 . . . Parts Repaired . | . . . . . . . . Time . | . . . . . . . . Parts Recycled . | . . . . . . . . Recycled Matter . | . . . . . . . . Retrieved Matter . | . . . . . . . . Retrieved Components 5 | . . . . . 5 . . Parts Scanalyzed 3 | . . . . . 1 . 2 Part Schematics Acquired 2 | . . . . . . . 2 Parts Damaged . | . . . . . . . . Bothacking | -11 -10 -9 -9 -8 -7 -7 -7 ------------ Run | Yrd Mat Mat Min Mat Fac Was Fac Used RIF Installer . | . . . . . . . . Robots Hacked 1 | . . . . . 1 . . Non-combat 1 | . . . . . 1 . . Combat . | . . . . . . . . Robot Hacks Applied 1 | . . . . . 1 . . find_chute 1 | . . . . . 1 . . Relay Couplers Released . | . . . . . . . . Fabnet Peak Effective % . | . . . . . . . . Robots Rewired . | . . . . . . . . Allies Hacked . | . . . . . . . . Hacks Repelled . | . . . . . . . . Allies | -11 -10 -9 -9 -8 -7 -7 -7 -------- Run | Yrd Mat Mat Min Mat Fac Was Fac Total Allies 4 | . . . 3 . 1 . . Largest Group 3 | . . . 3 . 1 . . Highest-Rated Group 40 | . . . 40 . 10 . . Highest-Rated Ally 16 | . . . 16 . 10 . . Total Orders . | . . . . . . . . Ally Attacks 5 | . . . 5 . . . . Total Damage 52 | . . . 52 . . . . Kills . | . . . . . . . . Allies Corrupted . | . . . . . . . . Allies Melted . | . . . . . . . . Intel | -11 -10 -9 -9 -8 -7 -7 -7 ------- Run | Yrd Mat Mat Min Mat Fac Was Fac Active Infowar (turns) 1322 | . . . . . 934 53 335 Sensors 1322 | . . . . . 934 53 335 Robot Analysis Total . | . . . . . . . . Derelict Logs Recovered 1 | . . . 1 . . . . Drone Launches . | . . . . . . . . Drone Recoveries . | . . . . . . . . Exploration | -11 -10 -9 -9 -8 -7 -7 -7 ------------- Run | Yrd Mat Mat Min Mat Fac Was Fac Turns Passed 2041 | 63 141 47 177 167 963 53 430 Spaces Moved 4393 | 55 129 116 556 420 2586 169 362 Core 118 | 53 61 . . . . . 4 Treads 2 | 2 . . . . . . . Legs . | . . . . . . . . Wheels . | . . . . . . . . Hover 232 | . . . . . . . 232 Flight 4041 | . 68 116 556 420 2586 169 126 Fastest Speed 20 | 50 37 30 30 27 20 24 35 Average Speed 30 | 92 62 31 30 28 24 24 63 Slowest Speed 350 | 160 100 37 30 30 82 35 350 Overloaded Moves 2 | . . . . . 2 . . Propulsion Burnouts . | . . . . . . . . Robots Hopped 36 | . 1 1 16 6 7 4 1 Potential Cave-ins 5 | . . . . . 5 . . Cave-ins Triggered 1 | . . . . 1 . . . Exploration Rate (%) 47 | 4 35 20 95 47 76 93 12 Regions Visited 7 Branch Regions 1 Pre-discovered Areas 3 | . . . 1 . 2 . . Known Exits Taken . | . . . . . . . . Unknown Exits Taken 5 | 1 1 1 1 1 . . . Scrap Searched 1 | . . . 1 . . . . Spaces Dug 59 | . . . . 5 54 . . Terrain Destroyed 130 | . . . . 5 95 . 30 Melee 49 | . . . . 5 44 . . Projectile 2 | . . . . . . . 2 AOE 79 | . . . . . 51 . 28 Terrain Rammed . | . . . . . . . . Walls Destroyed . | . . . . . . . . Machines Disabled . | . . . . . . . . Actions | -11 -10 -9 -9 -8 -7 -7 -7 --------- Run | Yrd Mat Mat Min Mat Fac Was Fac Total 4813 | 63 162 125 549 448 2798 176 492 Wait 153 | . 3 . 9 7 64 3 67 Move 4323 | 54 126 113 527 407 2573 163 360 Hop 28 | . 1 1 12 6 6 1 1 Pick Up 43 | 3 3 4 1 4 17 2 9 Fast Attach 24 | 4 3 3 . 5 3 2 4 Attach 20 | . . 1 . 5 8 . 6 Detach 9 | . . . . 4 5 . . Swap 28 | . . 1 . . 21 . 6 Drop 29 | . 4 2 . 1 16 5 1 Fire 71 | 2 22 . . 1 8 . 38 Melee 74 | . . . . 8 66 . . Ram . | . . . . . . . . Kick . | . . . . . . . . Crush . | . . . . . . . . Escape Stasis 11 | . . . . . 11 . . Rewire . | . . . . . . . . Trap . | . . . . . . . . Miscellaneous . | . . . . . . . . Route ------- -11/Scrapyard -10/Materials -9/Materials -9/Mines (discovered 2 exits: *Mat x2) -8/Materials (discovered 2 exits: *Fac x2) -7/Factory (discovered 8 exits: *Fac x4 / *Sto x2 / *Low x2) -7/Waste -7/Factory History --------- Turn | Location | Event 9 | -11/Scrapyard | Discovered new exit (range 15) 64 | -11/Scrapyard | Entered Materials 200 | -10/Materials | Discovered new exit (range 12) 205 | -10/Materials | Entered another Materials area 205 | -9/Materials | Evolved 2 slots: Propulsion x1, Utility x1 249 | -9/Materials | Discovered new exit (range 8) 252 | -9/Materials | Entered Mines 253 | -9/Mines | Learned location of Storage (-7) 268 | -9/Mines | Assisted by bots powering up and referring to "LRC-V3" 286 | -9/Mines | Met a Derelict bent on vengeance 300 | -9/Mines | Received a Rocket Launcher from a helpful Derelict 339 | -9/Mines | Discovered new exit (range 5) 389 | -9/Mines | Discovered new exit (range 11) 408 | -9/Mines | Learned Materials stockpile data 429 | -9/Mines | Entered Materials 429 | -8/Materials | Evolved 2 slots: Propulsion x1, Utility x1 501 | -8/Materials | Build established: Sprinter 530 | -8/Materials | Discovered new exit (range 14) 577 | -8/Materials | Crushed by falling debris 585 | -8/Materials | Discovered new exit (range 8) 596 | -8/Materials | Entered Factory 596 | -7/Factory | Evolved 2 slots: Propulsion x1, Utility x1 661 | -7/Factory | Allied Derelicts emerged from ambush trap array 769 | -7/Factory | Discovered new exit (range 16) 778 | -7/Factory | Identified exit to Factory 788 | -7/Factory | Garrison activated, responded to threat 837 | -7/Factory | Fabricated Imp. System Restoration Module? 959 | -7/Factory | Discovered new exit (range 8) 960 | -7/Factory | Identified exit to Lower Caves 1136 | -7/Factory | Identified exit to Storage 1240 | -7/Factory | Discovered exit to Factory (range 9) 1287 | -7/Factory | Discovered exit to Factory (range 5) 1346 | -7/Factory | Fabricated Cmb. Gravmag System (x2) 1356 | -7/Factory | Build established: Hacker-Sprinter 1358 | -7/Factory | Discovered exit to Factory (range 16) 1396 | -7/Factory | Search patrols dispatched 1416 | -7/Factory | Fabricated Cmb. Gravmag System (x2) 1559 | -7/Factory | Sucked down chute 1559 | -7/Factory | Entered Waste 1564 | -7/Waste | Spotted C-40 Crusher 1573 | -7/Waste | Spotted C-40 Crusher 1574 | -7/Waste | EMP discharged 1581 | -7/Waste | Spotted C-40 Crusher 1582 | -7/Waste | Spotted C-40 Crusher 1585 | -7/Waste | Spotted C-40 Crusher 1592 | -7/Waste | Discovered new exit (range 16) 1605 | -7/Waste | Crushed by Compactor (1 part destroyed, 2 dropped) 1608 | -7/Waste | Crushed by Compactor (1 part destroyed, 1 dropped) 1611 | -7/Waste | Identified exit to Factory 1612 | -7/Waste | Entered Factory 1639 | -7/Factory | Lost 4 parts (2n2u) 1753 | -7/Factory | Garrison activated, responded to threat 1793 | -7/Factory | System corruption reached 10% 1872 | -7/Factory | Build established: Mutant 2033 | -7/Factory | Fabricated Adv. Reaction Control System (x2) 2042 | -7/Factory | Self-destructed Last Messages --------------- 4x Prc. Shock Rifle A-02 Transporter 2x Cld. Deuterium Engine 4x Hvy. Particle Gun A-02 Transporter 1x Great Maul 2x Imp. Melee Analysis Suite 3x Datajack A-02 Transporter 1x Aerolev Unit 2x Imp. Airjet (2 escorts) 01931_ Connecting with Terminal... 01943_ 2B=V4H QY7&5%64AHVP5E7KSNKADOVKW 01977_ System corrupted: Heat flow error (+167). 02004_ OI7VF%X%SILL>TTNH U8F 02019_ System corrupted: Matter fused (-10). 02033_ Fabricator completes Adv. Reaction Control System. Map ----- +----------------------------------------------------+ | ?????????????????????? ????????????????????????? | | ?????????????????????? ????????????????????????? | | ?????????????????????? ???????????????????????? | | ?????????????????????? ????????????????????????? | | ?????????????????????? ????????????????????????? | | ?????????????????????? ????????????????????????? | | ??????????????????????# #????????????????????????? | | ??????????????????????# #????????????????????????? | | ??????????????????????# #????????????????????????? | | ????????????????????###/##########???????????????? | | ????????????????????# #???????????????? | | ????????????????????# T #???????????????? | | ????????????????????# #???????????????? | | ????????????????????# #???????????????? | | ????????????#######?# """"""""" #???????????????? | | ????????????# #?# #???????????????? | | ????????????# ### """"""""" #???????????????? | | ????????????# " + #???????????????? | | ????????????# ### """"""""" #???????????????? | | ????????????# #?# #???????????????? | | ?############## ###?# """"""""" #? ??????????? | | ?# # #???# # #?????????? | | ?#] # ############+##### ##????????? | | ?# # #????????? | | ?# # T#???????? | | ?# # ""@ #???????? | | ?# + "! u ##???????? | | ?# # "F #????????? | | ?# # ""! #????????? | | ?# * # #????????? | | ?# ####### #????????? | | ?# #?????# ** ####?????? | | ?# #?????# *s* ?????? | | ?#################### ! s ????? | | ???????# # ????? | | ???????# !# ????? | | ???????# # s ????? | | ???????# # """ s ????? | | ???????# # """ ????? | | ???????# # """u #############?????? | | ???????# # # ! #???????? | | ???????# # ! # #???????? | | ???????# ###### # #???????? | | ???????# #????# # #???????? | | ???????#! ] #????# ###+##+#+##???????? | | ???????# #????# #?# #????????? | | ???????#+#####+########### #?# ######???? | | ??????## ### ### #???? | | ??????# #???? | | ??????# #???? | +----------------------------------------------------+ Best States ------------- Heat Dissipation 34 Energy Generation 17 Energy Capacity 300 Matter Stores 300 Matter Capacity 300 Sight Range 16 Robot Scan Range 15 Terrain Scan Density 10 Armor Coverage 150 Weapon Shielding 33 Evasion (%) 65 Targeting Accuracy 8 Melee Accuracy 6 Core Analysis 6 Offensive Hacking 22 Item Schematics ----------------- Cmb. Gravmag System | -7/Factory | Hacked Lyr. Light Armor Plating | -7/Factory | Scanalyzed Imp. Light Armor Plating | -7/Factory | Scanalyzed Robot Schematics ------------------ None Fabricated ------------ Imp. System Restoration Module | x2 | -7/Factory | Preloaded Cmb. Gravmag System | x2 | -7/Factory Cmb. Gravmag System | x2 | -7/Factory Adv. Reaction Control System | x2 | -7/Factory | Preloaded Repaired ---------- Nothing Studied --------- Lgt. Ion Engine | -8/Materials | Hacked VTOL Module | -8/Materials | Hacked Flight Unit | -8/Materials | Hacked Hvy. Mace | -8/Materials | Hacked Grenade Launcher | -8/Materials | Hacked Rocket Launcher | -8/Materials | Hacked Lgt. Assault Rifle | -8/Materials | Hacked Alien Tech Used ----------------- None Achievements -------------- None Challenges ------------ None Game ------ Seed ArchitectScrapChargecaster Manual? 0 Play Time 00:33:08 Cumulative 507.5 hours Start 2025.11.04 @ 20:52:17 End 2025.11.04 @ 21:28:31 Sessions 1 Manual Loads 0 Difficulty Rogue Special Mode None Game No. 274 Rogue 274 Adventurer 0 Explorer 0 Win Type - Total 22 Types 13/1/5/1/0/0/0/1/1/0 Lore% 94 Gallery% 88 Achievement% 79 Wizard Run 0 Options --------- Layout 2 ASCII 0 Keyboard 1 Movement Vi Keybinds 0 Fullscreen 1 Font 28/Cog Map View 50x52 Zoom Use 0% Tactical HUD 1 Map Filters NONE Filters NONE Steam 1 RUN: 408c3ac5-0d3d-4cc3-a881-f694b24950f4